 Dungeon Crawl Stone Soup version 0.29-a0-664-gff9cad4a3d (webtiles) character file.

Game seed: 8337451897882273265

86 DocClef the Shield-Bearer (level 4, -6/41 HPs)
             Began as a Gnoll Fighter on June 22, 2022.
             Mangled by a gnoll shaman
             ... wielding a +0 club
              (7 damage)
             ... on level 4 of the Dungeon.
             The game lasted 00:02:55 (2879 turns).

DocClef the Shield-Bearer (Gnoll Fighter)           Turns: 2879, Time: 00:02:56

Health: -6/41      AC: 14    Str: 21    XL:     4   Next: 50%
Magic:  5/5        EV:  6    Int:  7    God:
Gold:   102        SH:  5    Dex: 10    Spells: 5/5 levels left

rFire   . . .      SeeInvis .   a - +0 flail
rCold   . . .      Faith    .   c - +0 buckler
rNeg    . . .      Spirit   .   d - +0 plate armour
rPois   .          Reflect  .   (no helmet)
rElec   .          Harm     .   (no cloak)
rCorr   .          Rampage  .   j - +0 pair of gloves
Will    .....      Rage     1%  (no boots)
Stlth   ..........              (no amulet)
HPRegen 0.13/turn               (no ring)
MPRegen 0.09/turn               (no ring)

@: lit by a corona, about to teleport, glowing
A: fangs 1, strong nose, distributed training, berserk 1, strong 1
a: no special abilities


You were on level 4 of the Dungeon.
You visited 1 branch of the dungeon, and saw 4 of its levels.

You collected 102 gold pieces.

Inventory:

Hand Weapons
 a - a +0 flail (weapon)
Armour
 b - a +1 scale mail
 c - a +0 buckler (worn)
 d - a +0 plate armour (worn)
 j - a +0 pair of gloves (worn)
Wands
 l - a wand of paralysis (9)
Scrolls
 f - 5 scrolls of identify
 g - a scroll of enchant weapon
 h - a scroll of enchant armour
Potions
 e - 2 potions of curing


   Skills:
 + Level 6.6 Fighting
 + Level 1.1 Short Blades
 + Level 1.1 Long Blades
 + Level 1.1 Axes
 + Level 4.6 Maces & Flails
 + Level 1.1 Polearms
 + Level 1.1 Staves
 + Level 1.1 Slings
 + Level 1.1 Bows
 + Level 1.1 Crossbows
 + Level 1.1 Throwing
 + Level 6.6 Armour
 + Level 1.1 Dodging
 + Level 1.1 Stealth
 + Level 6.6 Shields
 + Level 1.1 Unarmed Combat
 + Level 1.1 Spellcasting
 + Level 0.9 Conjurations
 + Level 0.9 Hexes
 + Level 0.9 Summonings
 + Level 0.9 Necromancy
 + Level 0.9 Translocations
 + Level 0.9 Transmutations
 + Level 0.9 Fire Magic
 + Level 0.9 Ice Magic
 + Level 0.9 Air Magic
 + Level 0.9 Earth Magic
 + Level 0.9 Poison Magic
 + Level 1.2 Invocations
 + Level 1.1 Evocations


You had 5 spell levels left.
You didn't know any spells.
Your spell library was empty.

Dungeon Overview and Level Annotations

Branches:
Dungeon (4/15)
 Temple: D:4-7

Altars:

Shops:
D:3 [


Innate Abilities, Weirdness & Mutations

You have very sharp teeth.
Your uncanny sense of smell can sniff out nearby items.
Your experience applies equally to all skills.
You tend to lose your temper in combat.
Your muscles are strong. (Str +4, Int/Dex-1)


Message History

Your body is wracked with pain!
The gnoll convulses! x3
The gnoll shaman convulses!
The gnoll convulses!
The ball python convulses!
The gnoll convulses!
It was a scroll of torment.
An endoplasm comes into view.
The endoplasm quivers.
The gnoll hits you but does no damage.
You barely miss the gnoll.
The gnoll is moderately wounded.
The gnoll hits you with a +0 whip.
You hit the gnoll.
The gnoll is heavily wounded.
The gnoll barely misses you.
The gnoll hits you but does no damage. x2
You completely miss the gnoll. Your bite misses the gnoll.
The gnoll is heavily wounded.
You block the gnoll's attack. The gnoll hits you with a +0 whip.
* * * LOW HITPOINT WARNING * * *
The gnoll barely misses you. You block the gnoll shaman's attack.
As you read the scroll of teleportation, it crumbles to dust.
You feel strangely unstable.
The gnoll hits you from afar with a +4 spear.
* * * LOW HITPOINT WARNING * * *
You block the gnoll's attack. The gnoll hits you but does no damage.
The gnoll shaman invokes the aid of its god against you.
You are outlined in light.
You closely miss the gnoll. You bite the gnoll, but do no damage.
The gnoll is heavily wounded.
The gnoll hits you from afar with a +4 spear!
* * * LOW HITPOINT WARNING * * *
You block the gnoll's attack. The gnoll barely misses you.
The gnoll shaman hits you but does no damage.
Unknown command.
You completely miss the gnoll.
The gnoll is heavily wounded.
The gnoll barely misses you. You block the gnoll's attack.
The gnoll hits you but does no damage.
The gnoll shaman hits you with a +0 club.
* * * LOW HITPOINT WARNING * * *
The gnoll hits you but does no damage. x2
The gnoll shaman hits you with a +0 club!
You die...

....... ....... #.
....... #. .......
#.# .......####..#
..........#..##
.......gggS...##
..°.°°.ggg°°...#
S......##@○....#
....... ##☼....#
.......##......#
...J......###.##
.........######
.............####
................###
.....K............#
..................##


You could see a gnoll shaman, 5 gnolls and a ball python.

Vanquished Creatures
  4 adders
  A dart slug (D:3)
  5 ball pythons
  4 endoplasms
  A giant cockroach (D:2)
  4 goblins
  6 hobgoblins
  3 jackals (D:1)
  5 kobolds
  4 quokkas
  A bat (D:1)
  3 frilled lizards
  7 rats
48 creatures vanquished.

Notes
Turn   | Place    | Note
-------+----------+-------------------------------------------
     0 | D:1      | DocClef the Gnoll Fighter began the quest for the Orb.
     0 | D:1      | Reached XP level 1. HP: 23/23 MP: 1/1
   346 | D:1      | Found a faded altar of an unknown god.
   352 | D:1      | Reached XP level 2. HP: 29/29 MP: 2/2
  1292 | D:2      | Reached XP level 3. HP: 35/35 MP: 3/3
  1635 | D:2      | Reached skill level 1 in Invocations
  1876 | D:3      | Reached skill level 1 in Short Blades
  1876 | D:3      | Reached skill level 1 in Long Blades
  1876 | D:3      | Reached skill level 1 in Axes
  1876 | D:3      | Reached skill level 1 in Polearms
  1876 | D:3      | Reached skill level 1 in Staves
  1876 | D:3      | Reached skill level 1 in Slings
  1876 | D:3      | Reached skill level 1 in Bows
  1876 | D:3      | Reached skill level 1 in Crossbows
  1876 | D:3      | Reached skill level 1 in Throwing
  1876 | D:3      | Reached skill level 1 in Dodging
  1876 | D:3      | Reached skill level 1 in Stealth
  1876 | D:3      | Reached skill level 1 in Unarmed Combat
  1876 | D:3      | Reached skill level 1 in Spellcasting
  1876 | D:3      | Reached skill level 1 in Evocations
  1977 | D:3      | Reached XP level 4. HP: 41/41 MP: 5/5
  2154 | D:3      | Gained mutation: Your muscles are strong. (Str +4,
                  | Int/Dex-1) [potion of mutation]
  2154 | D:3      | Gained mutation: You tend to lose your temper in combat.
                  | [potion of mutation]
  2565 | D:3      | Found Guczawir's Armour Emporium.
  2878 | D:4      | HP: 2/41 [gnoll/+4 spear[a gnoll shaman] (7)]
  2879 | D:4      | Mangled by a gnoll shaman

Illustrated notes

Levels and vault maps discovered:
D:1:      saegor_arrival_fortress, layout_loops_ring,
          hellmonk_ecumenical_altar_crossroads
D:2:      layout_basic, kennysheep_generic_room_7
D:3:      layout_basic, serial_shops, nicolae_square_shop
D:4:      layout_layer_cave, minmay_temple_entry_stoned_glass, minmay_cupped

Skill      XL: |  1  2  3 |
---------------+----------+-----
Invocations    | 1 |  1.2
Short Blades   | 1 |  1.1
Long Blades    | 1 |  1.1
Axes           | 1 |  1.1
Polearms       | 1 |  1.1
Staves         | 1 |  1.1
Slings         | 1 |  1.1
Bows           | 1 |  1.1
Crossbows      | 1 |  1.1
Throwing       | 1 |  1.1
Dodging        | 1 |  1.1
Stealth        | 1 |  1.1
Unarmed Combat | 1 |  1.1
Spellcasting   | 1 |  1.1
Evocations     | 1 |  1.1
Fighting       | |  6.6
Maces & Flails | |  4.6
Armour         | |  6.6
Shields        | |  6.6
Conjurations   | |  0.9
Hexes          | |  0.9
Summonings     | |  0.9
Necromancy     | |  0.9
Translocations | |  0.9
Transmutations | |  0.9
Fire Magic     | |  0.9
Ice Magic      | |  0.9
Air Magic      | |  0.9
Earth Magic    | |  0.9
Poison Magic   | |  0.9

Action                   |  1- 3 |  4- 6 || total
-------------------------+-------+-------++-------
Melee: Flail             |   115 |    45 ||   160
       Bite              |     7 |     5 ||    12
  Use: Scroll            |     3 |     7 ||    10
       Potion            |       |     3 ||     3
Armor: Scale mail        |    42 |    22 ||    64
       Plate armour      |       |     9 ||     9
Dodge: Dodged            |    46 |    33 ||    79
Block: Buckler           |    28 |    18 ||    46

Table legend: (Time is in decaauts)
 A = Elapsed time spent in this place.
 B = Non-inter-level travel time spent in this place.
 C = Inter-level travel time spent in this place.
 D = Time resting spent in this place.
 E = Time spent auto-exploring this place.
 F = Levels seen in this place.
 G = Mean time per level.
                   A        B        C        D        E       F      G
               +--------+--------+--------+--------+--------+-----+--------+
         Total |   2911 |   2829 |     82 |      0 |   2434 |   4 |  727.8 |
       Dungeon |   2911 |   2829 |     82 |      0 |   2434 |   4 |  727.8 |
               +--------+--------+--------+--------+--------+-----+--------+

Top non-repeatable levels by time:
     D:1: 1072 daAuts
     D:3: 1049 daAuts
     D:2: 711 daAuts
     D:4: 78 daAuts
